Atomiques vs Little Stars
Created - February 25, 2019 at 20:50
Goals
|
| Atomiques |
1 |
0 |
2 |
3 |
| Little Stars |
3 |
2 |
2 |
7 |
|
Shots
|
| Atomiques |
10 |
6 |
17 |
33 |
| Little Stars |
17 |
12 |
14 |
43 |
|
1st period
1. Little Stars , Zach Budish 9 (Mathieu Perreault 18, Alexander Vasyunov 13) at 4:06
2. Little Stars , Mathieu Perreault 17 (Stanislav Chistov 6, Tucker Poolman 8) at 6:16
3. Atomiques , Jacob De La Rose 5 (Eric Gustafsson 2, Bobby Farnham 11) at 9:14
4. Little Stars , Zach Budish 10 (Mathieu Perreault 19, Alexander Vasyunov 14) at 9:47
Penalties :
No Penalty
2nd period
5. Little Stars , Bo Horvat 11 (Scott Kosmachuck 9) at 9:26
6. Little Stars , Bo Horvat 12 (Reece Willcox 4) at 19:45
Penalties :
No Penalty
3rd period
7. Atomiques , Tyler Brenner 26 (Jack Skille 33, Ryan Shannon 41) at 6:26
8. Atomiques , Kenndal McArdle 9 (Tyler Brenner 28) at 8:54
9. Little Stars , Curtis Glencross 9 (Cam Atkinson 36, Brian Flynn 58) at 11:51 (PP)
10. Little Stars , Cam Atkinson 40 (Brian Flynn 59) at 13:03
Penalties :
Colby Cohen (STB) for Goalie Interference (Minor) at 1:26, Tyler Brenner (STB) for Roughing (Minor) at 11:46, Jordie Benn (Tex) for Hooking (Minor) at 19:12
Goalie Stats
Jake Allen (STB), 36 saves from 43 shots - (0.837), L, 13-23-6, 60:00 minutes
Matt Murray (Tex), 30 saves from 33 shots - (0.909), W, 19-13-2, 60:00 minutes
Players Stats for Atomiques
Player Name G A P +/- PIM S H SB GA TA FO MP PP MP PK MP
------------------------------------------------------------------------------------
Anthony Nigro 0 0 0 -2 0 2 2 0 0 0 2/6 12:15 0:00 0:00
Bobby Farnham 0 1 1 0 0 1 1 1 0 0 0/0 8:49 0:00 0:00
Brock McGinn 0 0 0 -2 0 2 2 1 0 1 0/1 12:15 0:00 0:00
Carl Dahlstrom 0 0 0 0 0 0 0 0 0 0 0/0 4:54 0:00 0:14
Colby Cohen 0 0 0 -1 2 1 0 0 0 0 0/0 18:10 0:00 0:00
Corey Tropp 0 0 0 -2 0 4 0 0 0 0 0/0 12:15 0:00 0:00
Dalton Smith 0 0 0 0 0 3 1 1 0 0 0/0 8:49 0:00 0:00
Dwight King 0 0 0 -2 0 1 3 0 1 0 1/2 20:50 0:36 1:01
Eric Gustafsson 0 1 1 0 0 1 0 1 0 0 0/0 15:24 0:00 1:05
Eric Mestery 0 0 0 0 0 0 0 0 0 0 0/0 0:00 0:00 0:00
Jack Skille 0 1 1 1 0 1 3 1 0 0 0/0 16:58 0:11 0:20
Jacob De La Rose 1 0 1 0 0 1 0 1 0 0 0/3 8:49 0:00 0:00
John Draeger 0 0 0 0 0 1 0 0 0 1 0/0 13:41 0:00 0:00
Joseph Cramarossa 0 0 0 0 0 0 0 0 0 0 0/0 0:00 0:00 0:00
Kenndal McArdle 1 0 1 1 0 3 2 0 1 0 1/1 16:38 0:11 0:00
Lucas Wallmark 0 0 0 0 0 0 0 0 0 0 0/0 0:00 0:00 0:00
Matt Tennyson 0 0 0 -2 0 2 2 0 0 0 0/0 26:28 0:47 0:45
Max McCormick 0 0 0 0 0 0 0 0 0 0 0/0 0:40 0:00 0:40
Mike Halmo 0 0 0 0 0 0 0 0 0 0 0/0 1:02 0:00 0:37
Mitch Callahan 0 0 0 0 0 0 0 0 0 0 0/0 0:00 0:00 0:00
Rasmus Ristolainen 0 0 0 -2 0 3 1 1 0 1 0/0 21:56 0:47 0:45
Rickard Rakell 0 0 0 -2 0 3 0 0 1 0 14/33 20:40 0:36 0:26
Ryan Shannon 0 1 1 -2 0 1 1 0 2 0 1/2 20:53 0:36 1:04
Tyler Brenner 1 1 2 1 2 3 3 0 1 0 6/9 16:37 0:11 0:00
Wiley Sherman 0 0 0 -1 0 0 1 1 0 0 0/0 19:51 0:00 1:19
Players Stats for Little Stars
Player Name G A P +/- PIM S H SB GA TA FO MP PP MP PK MP
------------------------------------------------------------------------------------
Adam Tambellini 0 0 0 2 0 0 0 0 0 0 0/0 8:03 0:00 0:00
Alexander Vasyunov 0 2 2 3 0 3 0 1 0 0 0/0 12:57 0:00 0:02
Andrej Sustr 0 0 0 2 0 2 0 3 0 3 0/0 27:14 1:16 0:39
Bo Horvat 2 0 2 2 0 2 2 0 0 0 1/2 8:03 0:00 0:00
Brian Flynn 0 2 2 1 0 3 4 1 0 0 19/33 19:59 1:08 0:00
Cam Atkinson 1 1 2 1 0 3 1 1 1 0 3/5 20:45 1:08 0:46
Curtis Glencross 1 0 1 1 0 3 2 0 0 1 1/2 19:59 1:08 0:00
Dana Tyrell 0 0 0 -3 0 3 2 0 0 1 4/9 18:16 0:56 0:00
Jesse Joensuu 0 0 0 -3 0 8 2 1 0 0 0/0 18:16 0:56 0:00
Jordie Benn 0 0 0 -1 2 3 0 0 1 0 0/0 19:26 0:48 0:00
Mathieu Perreault 1 2 3 3 0 4 2 1 0 0 4/6 12:55 0:00 0:00
Reece Willcox 0 1 1 2 0 0 0 1 0 0 0/0 13:19 0:00 0:08
Scott Kosmachuck 0 1 1 2 0 1 2 0 0 0 0/0 8:03 0:00 0:00
Stanislav Chistov 0 1 1 -3 0 1 3 0 0 0 0/0 19:02 0:56 0:46
Tucker Poolman 0 1 1 2 0 0 0 0 0 0 0/0 13:11 0:00 0:00
Tyler Wotherspoon 0 0 0 -1 0 0 0 1 0 1 0/0 19:35 0:48 0:08
Tyson Barrie 0 0 0 2 0 3 0 1 1 0 0/0 27:14 1:16 0:39
Zach Budish 2 0 2 3 0 4 1 0 0 0 0/0 12:55 0:00 0:00
3 Stars
1 - Mathieu Perreault (Tex)
2 - Zach Budish (Tex)
3 - Bo Horvat (Tex)
Power Play
Atomiques - 0 on 1 Attempt(s) - 0.00%
Little Stars - 1 on 2 Attempt(s) - 50.00%
Penalty Kill
Atomiques - 1 on 2 Attempt(s) - 50.00%
- Score 0 goal in Penalty Kill
Little Stars - 1 on 1 Attempt(s) - 100.00%
- Score 0 goal in Penalty Kill
Team Stat
Atomiques - Hits : 22 - Faceoff Wins : 25 - Blocked Shots : 8 - Penalty Minutes : 4
Little Stars - Hits : 21 - Faceoff Wins : 32 - Blocked Shots : 11 - Penalty Minutes : 2
Official
Referees : Unknown
Linesman : Unknown
Game Notes
No Game Note
Finance
Level 1 -- Attendance: 1409 (70.45%) -- Ticket Income $49,315
Level 2 -- Attendance: 773 (77.30%) -- Ticket Income $15,460
Total Attendance: 2182 (72.73%)
Total Ticket Income: $64,775
Other Income: $3,239
Total Income: $68,014
Atomiques
5 vs 5 Forward
Center Left Wing Right Wing Time % Phy DF OF
1 Rickard Rakell Dwight King Ryan Shannon 40 1 2 2
2 Tyler Brenner Kenndal McArdle Jack Skille 30 1 2 2
3 Anthony Nigro Brock McGinn Corey Tropp 20 1 2 2
4 Jacob De La Rose Dalton Smith Bobby Farnham 10 1 2 2
5 vs 5 Defense
Defense Defense Time % Phy DF OF
1 Matt Tennyson Rasmus Ristolainen 40 1 2 2
2 Colby Cohen Wiley Sherman 30 1 2 2
3 John Draeger Eric Gustafsson 20 1 2 2
4 Carl Dahlstrom Matt Tennyson 10 1 2 2
PowerPlay Forward
Center Left Wing Right Wing Time % Phy DF OF
1 Rickard Rakell Dwight King Ryan Shannon 60 1 2 2
2 Tyler Brenner Kenndal McArdle Jack Skille 40 1 2 2
PowerPlay Defense
Defense Defense Time % Phy DF OF
1 Matt Tennyson Rasmus Ristolainen 60 1 2 2
2 Colby Cohen Wiley Sherman 40 1 2 2
Penalty Kill 4 Players Forward
Center Wing Time % Phy DF OF
1 Dwight King Ryan Shannon 60 1 2 2
2 Rickard Rakell Jack Skille 40 1 2 2
Penalty Kill 4 Players Defense
Defense Defense Time % Phy DF OF
1 Matt Tennyson Rasmus Ristolainen 60 1 2 2
2 Colby Cohen Wiley Sherman 40 1 2 2
Penalty Kill - 3 Players Forward
Forward Time % Phy DF OF
1 Dwight King 60 1 2 2
2 Ryan Shannon 40 1 2 2
Penalty Kill - 3 Players Defense
Defense Defense Time % Phy DF OF
1 Matt Tennyson Rasmus Ristolainen 60 1 2 2
2 Colby Cohen Wiley Sherman 40 1 2 2
4 vs 4 Forward
Center Wing Time % Phy DF OF
1 Dwight King Ryan Shannon 60 1 2 2
2 Rickard Rakell Jack Skille 40 1 2 2
4 vs 4 Defense
Defense Defense Time % Phy DF OF
1 Matt Tennyson Rasmus Ristolainen 60 1 2 2
2 Colby Cohen Wiley Sherman 40 1 2 2
Last Minutes Offensive
Center Left Wing Right Wing Defense Defense
Rickard Rakell Dwight King Ryan Shannon Matt Tennyson Rasmus Ristolainen
Last Minutes Defensive
Center Left Wing Right Wing Defense Defense
Rickard Rakell Dwight King Ryan Shannon Matt Tennyson Rasmus Ristolainen
Goaltenders
Starting : Jake Allen
Backup : Jeff Frazee
Extra Forwards
Normal : Mitch Callahan, Mike Halmo, Max McCormick - PP : Mitch Callahan, Mike Halmo - PK : Max McCormick
Extra Defensemen
Normal : John Draeger, Eric Gustafsson, Carl Dahlstrom - PP : John Draeger - PK : Eric Gustafsson, Carl Dahlstrom
Penalty Shots
Dwight King, Ryan Shannon, Rickard Rakell, Jack Skille, Kenndal McArdle
Scratches
Francois Tremblay (Healthy)
Little Stars
5 vs 5 Forward
Center Left Wing Right Wing Time % Phy DF OF
1 Brian Flynn Curtis Glencross Cam Atkinson 40 1 2 2
2 Dana Tyrell Jesse Joensuu Stanislav Chistov 30 1 2 2
3 Mathieu Perreault Alexander Vasyunov Zach Budish 20 1 2 2
4 Bo Horvat Adam Tambellini Scott Kosmachuck 10 1 2 2
5 vs 5 Defense
Defense Defense Time % Phy DF OF
1 Tyson Barrie Andrej Sustr 40 1 2 2
2 Jordie Benn Tyler Wotherspoon 30 1 2 2
3 Tucker Poolman Reece Willcox 20 1 2 2
4 Tyson Barrie Andrej Sustr 10 1 2 2
PowerPlay Forward
Center Left Wing Right Wing Time % Phy DF OF
1 Brian Flynn Curtis Glencross Cam Atkinson 60 1 2 2
2 Dana Tyrell Jesse Joensuu Stanislav Chistov 40 1 2 2
PowerPlay Defense
Defense Defense Time % Phy DF OF
1 Tyson Barrie Andrej Sustr 60 1 2 2
2 Jordie Benn Tyler Wotherspoon 40 1 2 2
Penalty Kill 4 Players Forward
Center Wing Time % Phy DF OF
1 Cam Atkinson Stanislav Chistov 60 1 2 2
2 Brian Flynn Curtis Glencross 40 1 2 2
Penalty Kill 4 Players Defense
Defense Defense Time % Phy DF OF
1 Tyson Barrie Andrej Sustr 60 1 2 2
2 Jordie Benn Tyler Wotherspoon 40 1 2 2
Penalty Kill - 3 Players Forward
Forward Time % Phy DF OF
1 Cam Atkinson 60 1 2 2
2 Stanislav Chistov 40 1 2 2
Penalty Kill - 3 Players Defense
Defense Defense Time % Phy DF OF
1 Tyson Barrie Andrej Sustr 60 1 2 2
2 Jordie Benn Tyler Wotherspoon 40 1 2 2
4 vs 4 Forward
Center Wing Time % Phy DF OF
1 Cam Atkinson Stanislav Chistov 60 1 2 2
2 Brian Flynn Curtis Glencross 40 1 2 2
4 vs 4 Defense
Defense Defense Time % Phy DF OF
1 Tyson Barrie Andrej Sustr 60 1 2 2
2 Jordie Benn Tyler Wotherspoon 40 1 2 2
Last Minutes Offensive
Center Left Wing Right Wing Defense Defense
Brian Flynn Curtis Glencross Cam Atkinson Tyson Barrie Andrej Sustr
Last Minutes Defensive
Center Left Wing Right Wing Defense Defense
Brian Flynn Curtis Glencross Cam Atkinson Tyson Barrie Andrej Sustr
Goaltenders
Starting : Matt Murray
Backup : Peter Delmas
Extra Forwards
Normal : Mathieu Perreault, Bo Horvat, Alexander Vasyunov - PP : Mathieu Perreault, Bo Horvat - PK : Alexander Vasyunov
Extra Defensemen
Normal : Tucker Poolman, Reece Willcox, Jordie Benn - PP : Tucker Poolman - PK : Reece Willcox, Jordie Benn
Penalty Shots
Cam Atkinson, Stanislav Chistov, Brian Flynn, Curtis Glencross, Dana Tyrell
Scratches
Daniel O'regan (Healthy), Michael Mersch (Healthy), Justin Auger (Healthy), Ville Pokka (Healthy), Jason Dickinson (Healthy)
Emile Poirier (Healthy), Phil Oreskovic (Strained Groin Injury), Anton Cederholm (Lower Body Injury), Shawn Matthias (Broken Bone (Left Arm) Injury), Spencer Martin (Healthy)
% Time on Ice - Atomiques
Lines # - Real PCT - Wanted PCT - Time Play
Normal Forward
1 - 34% - 40% - 19:38
2 - 29% - 30% - 16:27
3 - 21% - 20% - 12:15
4 - 15% - 10% - 8:49
Normal Defense
1 - 36% - 40% - 20:24
2 - 32% - 30% - 18:32
3 - 24% - 20% - 13:33
4 - 8% - 10% - 4:40
PP Forward
1 - 77% - 60% - 0:36
2 - 23% - 40% - 0:11
PP Defense
1 - 100% - 60% - 0:47
2 - 0% - 40% - 0:00
PK Forward
1 - 84% - 60% - 1:44
2 - 16% - 40% - 0:20
PK Defense
1 - 36% - 60% - 0:45
2 - 64% - 40% - 1:19
PK3 Forward
1 - 0% - 60%
2 - 0% - 40%
PK3 Defense
1 - 0% - 60%
2 - 0% - 40%
44 Forward
1 - 0% - 60%
2 - 0% - 40%
44 Defense
1 - 0% - 60%
2 - 0% - 40%
Last Minute Offensive - 0:00
Last Minute Defensive - 0:00
Total
Forward - 60:00
Defense - 60:00
|
% Time on Ice - Little Stars
Lines # - Real PCT - Wanted PCT - Time Play
Normal Forward
1 - 33% - 40% - 18:51
2 - 30% - 30% - 17:20
3 - 23% - 20% - 12:55
4 - 14% - 10% - 8:03
Normal Defense
1 - 37% - 40% - 21:22
2 - 33% - 30% - 18:39
3 - 23% - 20% - 13:11
4 - 7% - 10% - 3:57
PP Forward
1 - 55% - 60% - 1:08
2 - 45% - 40% - 0:56
PP Defense
1 - 61% - 60% - 1:16
2 - 39% - 40% - 0:48
PK Forward
1 - 100% - 60% - 0:47
2 - 0% - 40% - 0:00
PK Defense
1 - 83% - 60% - 0:39
2 - 17% - 40% - 0:08
PK3 Forward
1 - 0% - 60%
2 - 0% - 40%
PK3 Defense
1 - 0% - 60%
2 - 0% - 40%
44 Forward
1 - 0% - 60%
2 - 0% - 40%
44 Defense
1 - 0% - 60%
2 - 0% - 40%
Last Minute Offensive - 0:00
Last Minute Defensive - 0:00
Total
Forward - 60:00
Defense - 60:00
|
Play-by-Play
1st period
0:01 of 1st period - Brian Flynn wins face-off versus Rickard Rakell in neutral zone.
0:04 of 1st period - Matt Tennyson is hit by Brian Flynn.
1:55 of 1st period - Off-side.
1:56 of 1st period - Dana Tyrell wins face-off versus Tyler Brenner in neutral zone.
2:12 of 1st period - Snap shot by Tyler Brenner.
2:12 of 1st period - Stopped by Matt Murray without a rebound.
2:13 of 1st period - Cam Atkinson wins face-off versus Rickard Rakell in Little Stars zone.
2:38 of 1st period - Mathieu Perreault is hit by Brock McGinn and loses puck.
2:43 of 1st period - Snap shot by Corey Tropp.
2:43 of 1st period - Stopped by Matt Murray with a rebound.
3:04 of 1st period - Jesse Joensuu is hit by Tyler Brenner and loses puck.
3:13 of 1st period - Jack Skille is hit by Stanislav Chistov.
3:32 of 1st period - Bobby Farnham is hit by Cam Atkinson and loses puck.
4:04 of 1st period - Snap shot by Zach Budish.
4:04 of 1st period - Stopped by Jake Allen with a rebound.
4:06 of 1st period - Snap shot by Zach Budish.
4:06 of 1st period - Goal by Zach Budish - Atomiques : 0 - Little Stars : 1.
4:07 of 1st period - Rickard Rakell wins face-off versus Brian Flynn in neutral zone.
4:51 of 1st period - Slapshot by Tyson Barrie.
4:51 of 1st period - Stopped by Jake Allen with a rebound.
6:16 of 1st period - Wrist shot by Mathieu Perreault.
6:16 of 1st period - Goal by Mathieu Perreault - Atomiques : 0 - Little Stars : 2.
6:17 of 1st period - Rickard Rakell wins face-off versus Brian Flynn in neutral zone.
6:30 of 1st period - Snap shot by Cam Atkinson.
6:30 of 1st period - Shot Misses the Net.
6:50 of 1st period - Snap shot by Jack Skille.
6:50 of 1st period - Shot Misses the Net.
6:52 of 1st period - Wrist shot by Tyler Brenner.
6:52 of 1st period - Shot Blocked by Tyler Wotherspoon.
7:06 of 1st period - Wrist shot by Alexander Vasyunov.
7:06 of 1st period - Shot Misses the Net.
7:08 of 1st period - Slapshot by Jordie Benn.
7:08 of 1st period - Stopped by Jake Allen with a rebound.
7:10 of 1st period - Snap shot by Alexander Vasyunov.
7:10 of 1st period - Stopped by Jake Allen with a rebound.
7:12 of 1st period - Snap shot by Mathieu Perreault.
7:12 of 1st period - Shot Misses the Net.
8:49 of 1st period - Snap shot by Jesse Joensuu.
8:49 of 1st period - Stopped by Jake Allen with a rebound.
8:55 of 1st period - Dana Tyrell is hit by Bobby Farnham and loses puck.
9:08 of 1st period - Backhand shot by Bobby Farnham.
9:08 of 1st period - Shot Misses the Net.
9:10 of 1st period - Snap shot by Jacob De La Rose.
9:10 of 1st period - Shot Blocked by Reece Willcox.
9:12 of 1st period - Slapshot by Eric Gustafsson.
9:12 of 1st period - Shot Misses the Net.
9:14 of 1st period - Snap shot by Jacob De La Rose.
9:14 of 1st period - Goal by Jacob De La Rose - Atomiques : 1 - Little Stars : 2.
9:15 of 1st period - Brian Flynn wins face-off versus Rickard Rakell in neutral zone.
9:20 of 1st period - Dwight King is hit by Curtis Glencross and loses puck.
9:29 of 1st period - Slapshot by Ryan Shannon.
9:29 of 1st period - Shot Blocked by Andrej Sustr.
9:31 of 1st period - Wrist shot by Matt Tennyson.
9:31 of 1st period - Deflect By Dwight King.
9:31 of 1st period - Shot Blocked by Tyson Barrie.
9:31 of 1st period - Puck is out of play.
9:32 of 1st period - Tyler Brenner wins face-off versus Mathieu Perreault in Little Stars zone.
9:33 of 1st period - Wrist shot by Kenndal McArdle.
9:33 of 1st period - Stopped by Matt Murray with a rebound.
9:45 of 1st period - Snap shot by Mathieu Perreault.
9:45 of 1st period - Stopped by Jake Allen with a rebound.
9:47 of 1st period - Wrist shot by Zach Budish.
9:47 of 1st period - Goal by Zach Budish - Atomiques : 1 - Little Stars : 3.
9:48 of 1st period - Rickard Rakell wins face-off versus Brian Flynn in neutral zone.
10:15 of 1st period - Andrej Sustr is hit by Matt Tennyson and loses puck.
10:36 of 1st period - Wrist shot by Brock McGinn.
10:36 of 1st period - Shot Misses the Net.
10:58 of 1st period - Wrist shot by Jesse Joensuu.
10:58 of 1st period - Stopped by Jake Allen with a rebound.
11:00 of 1st period - Slapshot by Tyler Wotherspoon.
11:00 of 1st period - Shot Blocked by Jacob De La Rose.
11:02 of 1st period - Snap shot by Dana Tyrell.
11:02 of 1st period - Deflect By Jesse Joensuu.
11:02 of 1st period - Stopped by Jake Allen with a rebound.
11:04 of 1st period - Slapshot by Tyler Wotherspoon.
11:04 of 1st period - Deflect By Dana Tyrell.
11:04 of 1st period - Stopped by Jake Allen without a rebound.
11:05 of 1st period - Brian Flynn wins face-off versus Rickard Rakell in Atomiques zone.
11:30 of 1st period - Mathieu Perreault is hit by Kenndal McArdle and loses puck.
11:39 of 1st period - Snap shot by Alexander Vasyunov.
11:39 of 1st period - Deflect By Zach Budish.
11:39 of 1st period - Stopped by Jake Allen without a rebound.
11:40 of 1st period - Brian Flynn wins face-off versus Anthony Nigro in Atomiques zone.
11:55 of 1st period - Snap shot by Brian Flynn.
11:55 of 1st period - Stopped by Jake Allen with a rebound.
12:10 of 1st period - Off-side.
12:11 of 1st period - Dana Tyrell wins face-off versus Tyler Brenner in neutral zone.
12:14 of 1st period - Jack Skille is hit by Stanislav Chistov and loses puck.
12:24 of 1st period - Off-side.
12:25 of 1st period - Brian Flynn wins face-off versus Rickard Rakell in neutral zone.
14:16 of 1st period - Wrist shot by Kenndal McArdle.
14:16 of 1st period - Shot Misses the Net.
15:06 of 1st period - Jordie Benn is hit by Jack Skille and loses puck.
15:25 of 1st period - Snap shot by Cam Atkinson.
15:25 of 1st period - Shot Blocked by Dalton Smith.
15:29 of 1st period - Slapshot by Curtis Glencross.
15:29 of 1st period - Shot Misses the Net.
15:39 of 1st period - Wrist shot by Brock McGinn.
15:39 of 1st period - Stopped by Matt Murray without a rebound.
15:40 of 1st period - Anthony Nigro wins face-off versus Dana Tyrell in Little Stars zone.
15:56 of 1st period - Snap shot by Jesse Joensuu.
15:56 of 1st period - Stopped by Jake Allen without a rebound.
15:57 of 1st period - Brian Flynn wins face-off versus Rickard Rakell in Atomiques zone.
16:04 of 1st period - Wrist shot by Brian Flynn.
16:04 of 1st period - Shot Misses the Net.
16:52 of 1st period - Slapshot by Jesse Joensuu.
16:52 of 1st period - Stopped by Jake Allen without a rebound.
16:53 of 1st period - Dana Tyrell wins face-off versus Rickard Rakell in Atomiques zone.
16:54 of 1st period - Slapshot by Jesse Joensuu.
16:54 of 1st period - Stopped by Jake Allen without a rebound.
16:55 of 1st period - Rickard Rakell wins face-off versus Dana Tyrell in Atomiques zone.
17:20 of 1st period - Brian Flynn is hit by Tyler Brenner and loses puck.
17:43 of 1st period - Slapshot by Corey Tropp.
17:43 of 1st period - Stopped by Matt Murray with a rebound.
17:45 of 1st period - Slapshot by Anthony Nigro.
17:45 of 1st period - Stopped by Matt Murray with a rebound.
18:40 of 1st period - John Draeger is hit by Curtis Glencross and loses puck.
19:19 of 1st period - Jack Skille is hit by Dana Tyrell.
19:25 of 1st period - Wrist shot by Tyler Brenner.
19:25 of 1st period - Shot Misses the Net.
19:29 of 1st period - Snap shot by Kenndal McArdle.
19:29 of 1st period - Stopped by Matt Murray with a rebound.
19:53 of 1st period - Slapshot by Rasmus Ristolainen.
19:53 of 1st period - Shot Misses the Net.
19:55 of 1st period - Slapshot by Matt Tennyson.
19:55 of 1st period - Stopped by Matt Murray with a rebound.
19:57 of 1st period - Wrist shot by Anthony Nigro.
19:57 of 1st period - Stopped by Matt Murray without a rebound.
19:58 of 1st period - Ryan Shannon wins face-off versus Mathieu Perreault in Little Stars zone.
Goals for this period are 1 for Atomiques vs 3 for Little Stars.
Shots for this period are 10 for Atomiques vs 17 for Little Stars.
2nd period
0:01 of 2nd period - Cam Atkinson wins face-off versus Rickard Rakell in neutral zone.
0:04 of 2nd period - Slapshot by Tyson Barrie.
0:04 of 2nd period - Stopped by Jake Allen with a rebound.
0:26 of 2nd period - Dwight King is hit by Mathieu Perreault and loses puck.
1:11 of 2nd period - Snap shot by Ryan Shannon.
1:11 of 2nd period - Stopped by Matt Murray with a rebound.
2:42 of 2nd period - Tyler Brenner is hit by Brian Flynn and loses puck.
2:49 of 2nd period - Snap shot by Cam Atkinson.
2:49 of 2nd period - Stopped by Jake Allen without a rebound.
2:50 of 2nd period - Mathieu Perreault wins face-off versus Anthony Nigro in Atomiques zone.
2:59 of 2nd period - Wrist shot by Alexander Vasyunov.
2:59 of 2nd period - Shot Misses the Net.
3:01 of 2nd period - Snap shot by Mathieu Perreault.
3:01 of 2nd period - Shot Blocked by Brock McGinn.
3:03 of 2nd period - Snap shot by Jordie Benn.
3:03 of 2nd period - Deflect By Corey Tropp.
3:03 of 2nd period - Stopped by Jake Allen with a rebound.
3:05 of 2nd period - Wrist shot by Mathieu Perreault.
3:05 of 2nd period - Deflect By Zach Budish.
3:05 of 2nd period - Shot Misses the Net.
3:05 of 2nd period - Puck is out of play.
3:06 of 2nd period - Tyler Brenner wins face-off versus Brian Flynn in Atomiques zone.
3:06 of 2nd period - Tyler Brenner is hit by Brian Flynn.
3:22 of 2nd period - Wrist shot by Tyler Brenner.
3:22 of 2nd period - Shot Misses the Net.
3:36 of 2nd period - Slapshot by Brock McGinn.
3:36 of 2nd period - Stopped by Matt Murray without a rebound.
3:37 of 2nd period - Dana Tyrell wins face-off versus Brock McGinn in Little Stars zone.
3:52 of 2nd period - Slapshot by Corey Tropp.
3:52 of 2nd period - Shot Blocked by Jesse Joensuu.
5:14 of 2nd period - Wrist shot by Jesse Joensuu.
5:14 of 2nd period - Shot Misses the Net.
5:16 of 2nd period - Slapshot by Tyson Barrie.
5:16 of 2nd period - Stopped by Jake Allen with a rebound.
5:18 of 2nd period - Backhand shot by Dana Tyrell.
5:18 of 2nd period - Stopped by Jake Allen without a rebound.
5:19 of 2nd period - Mathieu Perreault wins face-off versus Rickard Rakell in Atomiques zone.
6:33 of 2nd period - Slapshot by Rasmus Ristolainen.
6:33 of 2nd period - Shot Misses the Net.
6:35 of 2nd period - Slapshot by Matt Tennyson.
6:35 of 2nd period - Stopped by Matt Murray without a rebound.
6:36 of 2nd period - Rickard Rakell wins face-off versus Dana Tyrell in Little Stars zone.
7:01 of 2nd period - Slapshot by Rasmus Ristolainen.
7:01 of 2nd period - Deflect By Jordie Benn.
7:01 of 2nd period - Stopped by Matt Murray without a rebound.
7:02 of 2nd period - Brian Flynn wins face-off versus Anthony Nigro in Little Stars zone.
7:36 of 2nd period - Wrist shot by Mathieu Perreault.
7:36 of 2nd period - Stopped by Jake Allen without a rebound.
7:37 of 2nd period - Tyler Brenner wins face-off versus Dana Tyrell in Atomiques zone.
8:02 of 2nd period - Brian Flynn is hit by Ryan Shannon and loses puck.
8:20 of 2nd period - Icing by Brian Flynn.
8:21 of 2nd period - Brian Flynn wins face-off versus Anthony Nigro in Little Stars zone.
8:47 of 2nd period - Jesse Joensuu is hit by Dwight King and loses puck.
9:10 of 2nd period - Tyler Wotherspoon is hit by Jack Skille.
9:26 of 2nd period - Snap shot by Bo Horvat.
9:26 of 2nd period - Goal by Bo Horvat - Atomiques : 1 - Little Stars : 4.
9:27 of 2nd period - Brian Flynn wins face-off versus Rickard Rakell in neutral zone.
10:03 of 2nd period - Stanislav Chistov is hit by Kenndal McArdle and loses puck.
10:16 of 2nd period - Snap shot by Andrej Sustr.
10:16 of 2nd period - Shot Misses the Net.
10:26 of 2nd period - Corey Tropp is hit by Zach Budish and loses puck.
10:50 of 2nd period - Wrist shot by Dalton Smith.
10:50 of 2nd period - Stopped by Matt Murray without a rebound.
10:51 of 2nd period - Cam Atkinson wins face-off versus Rickard Rakell in Little Stars zone.
11:21 of 2nd period - Slapshot by Jesse Joensuu.
11:21 of 2nd period - Stopped by Jake Allen without a rebound.
11:22 of 2nd period - Tyler Brenner wins face-off versus Brian Flynn in Atomiques zone.
12:07 of 2nd period - Andrej Sustr is hit by Anthony Nigro.
12:37 of 2nd period - Snap shot by Bo Horvat.
12:37 of 2nd period - Shot Blocked by Bobby Farnham.
12:39 of 2nd period - Snap shot by Bo Horvat.
12:39 of 2nd period - Shot Misses the Net.
12:53 of 2nd period - Brian Flynn is hit by Tyler Brenner and loses puck.
13:55 of 2nd period - Wrist shot by Curtis Glencross.
13:55 of 2nd period - Stopped by Jake Allen without a rebound.
13:56 of 2nd period - Brian Flynn wins face-off versus Jacob De La Rose in Atomiques zone.
15:26 of 2nd period - Wrist shot by Cam Atkinson.
15:26 of 2nd period - Shot Blocked by Wiley Sherman.
16:37 of 2nd period - Snap shot by Mathieu Perreault.
16:37 of 2nd period - Shot Misses the Net.
17:07 of 2nd period - Snap shot by Corey Tropp.
17:07 of 2nd period - Stopped by Matt Murray with a rebound.
18:41 of 2nd period - Slapshot by Brian Flynn.
18:41 of 2nd period - Stopped by Jake Allen without a rebound.
18:42 of 2nd period - Mathieu Perreault wins face-off versus Tyler Brenner in Atomiques zone.
19:14 of 2nd period - Slapshot by Andrej Sustr.
19:14 of 2nd period - Stopped by Jake Allen without a rebound.
19:15 of 2nd period - Brian Flynn wins face-off versus Rickard Rakell in Atomiques zone.
19:40 of 2nd period - Rickard Rakell is hit by Bo Horvat and loses puck.
19:45 of 2nd period - Wrist shot by Bo Horvat.
19:45 of 2nd period - Goal by Bo Horvat - Atomiques : 1 - Little Stars : 5.
19:46 of 2nd period - Curtis Glencross wins face-off versus Rickard Rakell in neutral zone.
19:48 of 2nd period - Tyson Barrie is hit by Matt Tennyson and loses puck.
Goals for this period are 0 for Atomiques vs 2 for Little Stars.
Shots for this period are 6 for Atomiques vs 12 for Little Stars.
3rd period
0:01 of 3rd period - Brian Flynn wins face-off versus Ryan Shannon in neutral zone.
0:08 of 3rd period - Wrist shot by Brian Flynn.
0:08 of 3rd period - Shot Misses the Net.
0:53 of 3rd period - Alexander Vasyunov is hit by Brock McGinn and loses puck.
1:10 of 3rd period - Backhand shot by Dalton Smith.
1:10 of 3rd period - Stopped by Matt Murray with a rebound.
1:12 of 3rd period - Wrist shot by Wiley Sherman.
1:12 of 3rd period - Shot Misses the Net.
1:14 of 3rd period - Snap shot by Colby Cohen.
1:14 of 3rd period - Stopped by Matt Murray with a rebound.
1:26 of 3rd period - Minor Penalty to Colby Cohen for Goalie Interference.
1:27 of 3rd period - Dwight King wins face-off versus Brian Flynn in Atomiques zone.
2:25 of 3rd period - Slapshot by Matt Tennyson.
2:25 of 3rd period - Shot Misses the Net.
3:05 of 3rd period - Andrej Sustr is hit by Jack Skille.
3:09 of 3rd period - Jack Skille is hit by Stanislav Chistov and loses puck.
3:26 of 3rd period - Penalty to Colby Cohen is over, Colby Cohen is back on ice.
3:34 of 3rd period - Wrist shot by Bo Horvat.
3:34 of 3rd period - Deflect By Scott Kosmachuck.
3:34 of 3rd period - Stopped by Jake Allen with a rebound.
4:22 of 3rd period - Slapshot by Matt Tennyson.
4:22 of 3rd period - Shot Blocked by Alexander Vasyunov.
4:24 of 3rd period - Snap shot by Bobby Farnham.
4:24 of 3rd period - Shot Misses the Net.
4:26 of 3rd period - Slapshot by Matt Tennyson.
4:26 of 3rd period - Deflect By Dalton Smith.
4:26 of 3rd period - Shot Blocked by Mathieu Perreault.
4:26 of 3rd period - Puck is out of play.
4:27 of 3rd period - Anthony Nigro wins face-off versus Bo Horvat in Little Stars zone.
4:32 of 3rd period - Slapshot by Rasmus Ristolainen.
4:32 of 3rd period - Stopped by Matt Murray with a rebound.
5:18 of 3rd period - Brian Flynn is hit by Dwight King and loses puck.
5:45 of 3rd period - Snap shot by Mathieu Perreault.
5:45 of 3rd period - Shot Misses the Net.
5:55 of 3rd period - Matt Tennyson is hit by Scott Kosmachuck and loses puck.
6:26 of 3rd period - Slapshot by Tyler Brenner.
6:26 of 3rd period - Goal by Tyler Brenner - Atomiques : 2 - Little Stars : 5.
6:27 of 3rd period - Kenndal McArdle wins face-off versus Brian Flynn in neutral zone.
6:30 of 3rd period - Slapshot by Tyler Brenner.
6:30 of 3rd period - Stopped by Matt Murray with a rebound.
7:42 of 3rd period - Wrist shot by Dwight King.
7:42 of 3rd period - Shot Misses the Net.
7:54 of 3rd period - Jack Skille is hit by Scott Kosmachuck and loses puck.
8:20 of 3rd period - Wrist shot by Corey Tropp.
8:20 of 3rd period - Deflect By Anthony Nigro.
8:20 of 3rd period - Shot Blocked by Andrej Sustr.
8:20 of 3rd period - Puck is out of play.
8:21 of 3rd period - Brian Flynn wins face-off versus Rickard Rakell in Little Stars zone.
8:47 of 3rd period - Tyler Wotherspoon is hit by Rasmus Ristolainen and loses puck.
8:54 of 3rd period - Snap shot by Kenndal McArdle.
8:54 of 3rd period - Goal by Kenndal McArdle - Atomiques : 3 - Little Stars : 5.
8:55 of 3rd period - Rickard Rakell wins face-off versus Curtis Glencross in neutral zone.
9:06 of 3rd period - Snap shot by Ryan Shannon.
9:06 of 3rd period - Shot Blocked by Cam Atkinson.
9:12 of 3rd period - Cam Atkinson is hit by Dwight King and loses puck.
9:36 of 3rd period - Stanislav Chistov is hit by Wiley Sherman and loses puck.
10:09 of 3rd period - Slapshot by Dalton Smith.
10:09 of 3rd period - Stopped by Matt Murray without a rebound.
10:10 of 3rd period - Bo Horvat wins face-off versus Jacob De La Rose in Little Stars zone.
10:10 of 3rd period - Bo Horvat is hit by Dalton Smith.
10:17 of 3rd period - Off-side.
10:18 of 3rd period - Rickard Rakell wins face-off versus Brian Flynn in neutral zone.
11:09 of 3rd period - Mathieu Perreault is hit by Anthony Nigro and loses puck.
11:14 of 3rd period - Snap shot by Corey Tropp.
11:14 of 3rd period - Stopped by Matt Murray without a rebound.
11:15 of 3rd period - Brian Flynn wins face-off versus Rickard Rakell in Little Stars zone.
11:46 of 3rd period - Minor Penalty to Tyler Brenner for Roughing.
11:47 of 3rd period - Brian Flynn wins face-off versus Dwight King in Atomiques zone.
11:51 of 3rd period - Wrist shot by Curtis Glencross.
11:51 of 3rd period - Goal by Curtis Glencross - Atomiques : 3 - Little Stars : 6.
11:52 of 3rd period - Rickard Rakell wins face-off versus Brian Flynn in neutral zone.
11:55 of 3rd period - Wrist shot by Rasmus Ristolainen.
11:55 of 3rd period - Deflect By Tyson Barrie.
11:55 of 3rd period - Stopped by Matt Murray without a rebound.
11:56 of 3rd period - Brian Flynn wins face-off versus Rickard Rakell in Little Stars zone.
12:25 of 3rd period - Slapshot by Jack Skille.
12:25 of 3rd period - Stopped by Matt Murray without a rebound.
12:26 of 3rd period - Tyler Brenner wins face-off versus Dana Tyrell in Little Stars zone.
12:50 of 3rd period - Wiley Sherman is hit by Dana Tyrell and loses puck.
12:57 of 3rd period - Slapshot by Jesse Joensuu.
12:57 of 3rd period - Stopped by Jake Allen without a rebound.
12:58 of 3rd period - Brian Flynn wins face-off versus Rickard Rakell in Atomiques zone.
13:03 of 3rd period - Snap shot by Cam Atkinson.
13:03 of 3rd period - Goal by Cam Atkinson - Atomiques : 3 - Little Stars : 7.
13:04 of 3rd period - Rickard Rakell wins face-off versus Brian Flynn in neutral zone.
13:07 of 3rd period - Slapshot by Rasmus Ristolainen.
13:07 of 3rd period - Shot Blocked by Andrej Sustr.
13:12 of 3rd period - Wrist shot by Rickard Rakell.
13:12 of 3rd period - Shot Misses the Net.
13:14 of 3rd period - Wrist shot by Rickard Rakell.
13:14 of 3rd period - Stopped by Matt Murray without a rebound.
13:15 of 3rd period - Rickard Rakell wins face-off versus Brian Flynn in Little Stars zone.
13:42 of 3rd period - Kenndal McArdle is hit by Jesse Joensuu and loses puck.
13:49 of 3rd period - Wrist shot by Jesse Joensuu.
13:49 of 3rd period - Shot Blocked by Jack Skille.
13:51 of 3rd period - Slapshot by Stanislav Chistov.
13:51 of 3rd period - Stopped by Jake Allen with a rebound.
14:45 of 3rd period - Dwight King is hit by Brian Flynn and loses puck.
14:50 of 3rd period - Snap shot by Brian Flynn.
14:50 of 3rd period - Stopped by Jake Allen with a rebound.
14:52 of 3rd period - Wrist shot by Jordie Benn.
14:52 of 3rd period - Stopped by Jake Allen without a rebound.
14:53 of 3rd period - Rickard Rakell wins face-off versus Brian Flynn in Atomiques zone.
14:58 of 3rd period - Slapshot by Wiley Sherman.
14:58 of 3rd period - Shot Misses the Net.
15:00 of 3rd period - Slapshot by Wiley Sherman.
15:00 of 3rd period - Shot Blocked by Brian Flynn.
15:29 of 3rd period - Wiley Sherman is hit by Jesse Joensuu and loses puck.
15:44 of 3rd period - Slapshot by Eric Gustafsson.
15:44 of 3rd period - Stopped by Matt Murray with a rebound.
15:46 of 3rd period - Wrist shot by John Draeger.
15:46 of 3rd period - Stopped by Matt Murray with a rebound.
15:48 of 3rd period - Slapshot by Bobby Farnham.
15:48 of 3rd period - Stopped by Matt Murray without a rebound.
15:49 of 3rd period - Mathieu Perreault wins face-off versus Jacob De La Rose in Little Stars zone.
15:56 of 3rd period - Dalton Smith is hit by Mathieu Perreault and loses puck.
16:07 of 3rd period - Snap shot by Alexander Vasyunov.
16:07 of 3rd period - Stopped by Jake Allen without a rebound.
16:08 of 3rd period - Brian Flynn wins face-off versus Rickard Rakell in Atomiques zone.
16:09 of 3rd period - Wrist shot by Cam Atkinson.
16:09 of 3rd period - Shot Blocked by Rasmus Ristolainen.
16:11 of 3rd period - Slapshot by Cam Atkinson.
16:11 of 3rd period - Stopped by Jake Allen with a rebound.
16:13 of 3rd period - Slapshot by Andrej Sustr.
16:13 of 3rd period - Stopped by Jake Allen without a rebound.
16:14 of 3rd period - Brian Flynn wins face-off versus Rickard Rakell in Atomiques zone.
16:15 of 3rd period - Snap shot by Curtis Glencross.
16:15 of 3rd period - Stopped by Jake Allen with a rebound.
17:11 of 3rd period - Slapshot by Mathieu Perreault.
17:11 of 3rd period - Stopped by Jake Allen with a rebound.
17:13 of 3rd period - Snap shot by Alexander Vasyunov.
17:13 of 3rd period - Stopped by Jake Allen without a rebound.
17:14 of 3rd period - Rickard Rakell wins face-off versus Brian Flynn in Atomiques zone.
17:19 of 3rd period - Slapshot by Rickard Rakell.
17:19 of 3rd period - Shot Misses the Net.
17:43 of 3rd period - Off-side.
17:44 of 3rd period - Tyler Brenner wins face-off versus Brian Flynn in neutral zone.
18:16 of 3rd period - Wrist shot by Dana Tyrell.
18:16 of 3rd period - Stopped by Jake Allen with a rebound.
18:18 of 3rd period - Slapshot by Tucker Poolman.
18:18 of 3rd period - Shot Misses the Net.
18:48 of 3rd period - John Draeger is hit by Bo Horvat and loses puck.
18:55 of 3rd period - Snap shot by Scott Kosmachuck.
18:55 of 3rd period - Shot Blocked by Eric Gustafsson.
18:59 of 3rd period - Snap shot by Bo Horvat.
18:59 of 3rd period - Shot Misses the Net.
19:12 of 3rd period - Minor Penalty to Jordie Benn for Hooking.
19:13 of 3rd period - Rickard Rakell wins face-off versus Cam Atkinson in Little Stars zone.
19:15 of 3rd period - Wrist shot by Ryan Shannon.
19:15 of 3rd period - Shot Misses the Net.
19:17 of 3rd period - Slapshot by Rickard Rakell.
19:17 of 3rd period - Stopped by Matt Murray with a rebound.
19:19 of 3rd period - Slapshot by Dwight King.
19:19 of 3rd period - Stopped by Matt Murray with a rebound.
19:21 of 3rd period - Slapshot by Matt Tennyson.
19:21 of 3rd period - Shot Misses the Net.
19:23 of 3rd period - Snap shot by Rickard Rakell.
19:23 of 3rd period - Stopped by Matt Murray without a rebound.
19:24 of 3rd period - Rickard Rakell wins face-off versus Cam Atkinson in Little Stars zone.
Goals for this period are 2 for Atomiques vs 2 for Little Stars.
Shots for this period are 17 for Atomiques vs 14 for Little Stars.
Back to the Top